 Dungeon Crawl Stone Soup version 0.31-a0-256-g80acddb972 (webtiles) character file.

Game seed: 2392203822310735795

9 Morbidden the Changeling (level 2, 22/22 HPs)
             Began as a Demonspawn Shapeshifter on July 13, 2023.
             Quit the game on level 1 of the Dungeon.
             The game lasted 00:00:25 (284 turns).

Morbidden the Changeling (Demonspawn Shapeshifter)   Turns: 284, Time: 00:00:25

Health: 22/22      AC:  3    Str: 15    XL:     2   Next: 3%
Magic:  2/2        EV: 12    Int:  9    God:
Gold:   0          SH:  0    Dex: 13    Spells: 1/1 levels left

rFire   . .          .
                       - Unarmed
rCold   . . .        (no shield)
rNeg    . . .        d - +0 leather armour {rPois}
rPois   +            (helmet currently unavailable)
rElec   .            (cloak currently unavailable)
rCorr   .            (gloves currently unavailable)
SInv    .            (boots currently unavailable)
Will    .....        (no amulet)
Stlth   +            (no ring)
HPRegen 0.23/turn    (no ring)
MPRegen 0.08/turn

%: no passive effects
@: beast-form
A: beast (slay +2), sturdy frame 1
a: no special abilities


You were on level 1 of the Dungeon.
You were a hulking beast.
You visited 1 branch of the dungeon, and saw 1 of its levels.

Inventory:

Armour
 d - a +0 leather armour of poison resistance (worn)
Talismans
 c - a beast talisman
Potions
 b - a potion of lignification


   Skills:
 * Level 2.0 Fighting
 * Level 0.3 Armour
 * Level 1.8 Dodging
 * Level 2.0 Unarmed Combat
 * Level 2.9 Shapeshifting


You had one spell level left.
You didn't know any spells.
Your spell library was empty.

Dungeon Overview and Level Annotations

Branches:
Dungeon (1/15)

Altars:


Innate Abilities, Weirdness & Mutations

You are a hulking beast.
Your limbs bulge with bestial killing power. (Slay +2)
Your movements are slightly less encumbered by armour. (ER -2)


Message History

You closely miss the goblin.
The goblin is heavily wounded.
The goblin hits you but does no damage.
Unknown command.
There are monsters nearby!
You hit the goblin but do no damage.
The goblin is heavily wounded.
The goblin barely misses you.
Unknown command.
You miss the goblin.
The goblin is heavily wounded.
The goblin closely misses you.
Unknown command.
There are monsters nearby!
You hit the goblin.
You kill the goblin!
Your Unarmed Combat skill increases to level 2!
You have reached level 2!
Your demonic ancestry asserts itself...
You feel less encumbered by your armour.
A frilled lizard is nearby!
You barely miss the frilled lizard. The frilled lizard bites you.
Unknown command.
A frilled lizard is nearby!
You hit the frilled lizard.
You kill the frilled lizard!
Unknown command.
Key pressed, stopping explore.
No target in view!
Unknown command.
HP restored.
Things that are here:
a +0 dagger; a goblin corpse Key pressed, stopping explore.
No target in view!
Unknown command.
No target in view!
Unknown command.
Unknown command.
Are you sure you want to abandon this character and quit the game? (Confirm with "yes".)

##...## ..##P...P#
#..###.P.## ... #P.P.P#
... ##...## #.# #P...P#
..### #.# ##...##
......####.# #P...P#
.......h..^# ##...##
..########.###P...P#####
#........##...##....
#.###.#####.....#... #
#.# ###.#..... ###. #.#
#.###.##
....###.#######.# #.#
................# #[#
###.#....)...........


There were no monsters in sight!

Vanquished Creatures
  A bat (D:1)
  An endoplasm (D:1)
  2 goblins (D:1)
  A frilled lizard (D:1)
  A kobold (D:1)
  3 rats (D:1)
9 creatures vanquished.

Notes
Turn   | Place    | Note
-------+----------+-------------------------------------------
     0 | D:1      | Morbidden the Demonspawn Shapeshifter began the quest for
                  | the Orb.
     0 | D:1      | Reached XP level 1. HP: 16/16 MP: 1/1
   268 | D:1      | Gained mutation: Your movements are slightly less
                  | encumbered by armour. (ER -2) [demonic ancestry]
   268 | D:1      | Reached XP level 2. HP: 21/22 MP: 2/2
   284 | D:1      | Quit the game

Illustrated notes

Levels and vault maps discovered:
D:1:      minmay_arrival_plants_in_alcoves, layout_loops_ring,
          minmay_rat_gold_closets

Skill      XL: |  1 |
---------------+----+-----
Unarmed Combat | 2 |  2.0
Fighting       | |  2.0
Armour         | |  0.3
Dodging        | |  1.8
Shapeshifting  | |  2.9

Action                     || total
---------------------------++-------
  Melee: Unarmed           ||    23
   Stab: Sleeping          ||     1
 Armour: Leather armour    ||     5
  Dodge: Dodged            ||     8

Table legend: (Time is in decaauts)
 A = Elapsed time spent in this place.
 B = Non-inter-level travel time spent in this place.
 C = Inter-level travel time spent in this place.
 D = Time resting spent in this place.
 E = Time spent auto-exploring this place.
 F = Levels seen in this place.
 G = Mean time per level.
                   A        B        C        D        E       F      G
               +--------+--------+--------+--------+--------+-----+--------+
         Total |    283 |    283 |      0 |    139 |     86 |   1 |  283.0 |
       Dungeon |    283 |    283 |      0 |    139 |     86 |   1 |  283.0 |
               +--------+--------+--------+--------+--------+-----+--------+

Top non-repeatable levels by time:
     D:1: 283 daAuts
